 Dungeon Crawl Stone Soup version 0.27.0-66-gdc8fb28755 (webtiles) character file.

Game seed: 11114415598513264489

32 robertstho the Ruffian (level 3, 0/54 HPs)
             Began as a Troll Berserker on Aug 20, 2021.
             Was a Follower of Trog.
             Slain by a gnoll (5 damage)
             ... on level 2 of the Dungeon.
             The game lasted 00:00:58 (751 turns).

robertstho the Ruffian (Troll Berserker)             Turns: 751, Time: 00:00:58

Health: 0/54       AC:  4    Str: 25    XL:     3   Next: 8%
Magic:  2/2        EV: 10    Int:  4    God:    Trog [*.....]
Gold:   66         SH:  0    Dex:  9    Spells: 2/2 levels left

rFire    . . .     SeeInvis .     - Unarmed
rCold    . . .     Faith    .   (no shield)
rNeg     . . .     Spirit   .   a - +0 animal skin
rPois    .         Reflect  .   (helmet restricted)
rElec    .         Harm     .   (no cloak)
rCorr    .         Rampage  .   (gloves unavailable)
Will     .....                  (boots unavailable)
Stlth    ..........             e - amulet of magic regeneration
HPRegen  1.18/turn              (no ring)
MPRegen  0.33/turn              (no ring)

@: berserking, very quick
A: large, unfitting armour, claws 3, regeneration 1, shaggy fur 1, tough skin 1
a: Renounce Religion, Berserk


You were on level 2 of the Dungeon.
You worshipped Trog.
Trog was aware of your devotion.
You visited 1 branch of the dungeon, and saw 2 of its levels.

You collected 66 gold pieces.

Inventory:

Armour
 a - a +0 animal skin (worn)
Jewellery
 e - an amulet of magic regeneration (around neck)
Potions
 c - a potion of flight {unknown}


   Skills:
 * Level 2.8 Fighting
 + Level 2.7 Dodging
 * Level 3.6 Unarmed Combat


You had 2 spell levels left.
You didn't know any spells.
Your spell library was empty.

Dungeon Overview and Level Annotations

Branches:
Dungeon (2/15)

Altars:


Innate Abilities, Weirdness & Mutations

You are too large for most types of armour.
You have claws for hands.
Your natural rate of healing is unusually fast.
You are covered in fur. (AC +1)
You have tough skin. (AC +1)


Message History

The ball python moves out of view.
You scratch the gnoll but do no damage.
A gnoll comes into view. It is wielding a +0 spear.
The gnoll hits you with a +1 whip of electrocution.
You are electrocuted!!
Ouch! That really hurt!
* * * LOW HITPOINT WARNING * * *
You are too injured to fight recklessly!
You are too injured to fight recklessly!
You are too injured to fight recklessly!
You are too injured to fight recklessly!
You are too injured to fight recklessly!
You are too injured to fight recklessly!
You are too injured to fight recklessly!
You are too injured to fight recklessly!
You are too injured to fight recklessly!
You are too injured to fight recklessly!
You are too injured to fight recklessly!
You are too injured to fight recklessly!
You are too injured to fight recklessly!
Unknown command.
You fail to use your ability.
The gnoll shouts!
You hear an angry hiss.
The gnoll closely misses you. The gnoll barely misses you.
A red film seems to cover your vision as you go berserk!
You feel yourself moving faster!
You feel mighty! The gnoll barely misses you.
The gnoll hits you with a +1 whip of electrocution.
* * * LOW HITPOINT WARNING * * *
Unknown command.
You claw the gnoll!
The gnoll is almost dead.
The gnoll hits you from afar with a +0 spear.
* * * LOW HITPOINT WARNING * * *
You barely miss the gnoll.
The gnoll is almost dead.
The gnoll completely misses you.
You closely miss the gnoll.
The gnoll is almost dead.
The gnoll hits you from afar with a +0 spear.
You die...

# .# .. .####
#####g....#
#####..@gS..#
#.....####..#
#.....#### ...
.....
#........##># #..
....
#.....##.##.# #..
...
#.....##.##.#.#.#
#..
#####.......#.#.#
# #..
..<.###.##...#.#
#.#.. ## .
#.##.###.# #.#..


You could see 2 gnolls and a ball python.

Vanquished Creatures
  A worm (D:2)
  A dart slug (D:1)
  2 ball pythons (D:1)
  An endoplasm (D:1)
  A giant cockroach (D:1)
  2 goblins (D:1)
  6 jackals (D:1)
  A kobold (D:1)
  2 quokkas (D:1)
  3 bats
  2 rats (D:1)
22 creatures vanquished.

Notes
Turn   | Place    | Note
-------+----------+-------------------------------------------
     0 | D:1      | robertstho the Troll Berserker began the quest for the Orb.
     0 | D:1      | Reached XP level 1. HP: 22/22 MP: 0/0
   116 | D:1      | Reached XP level 2. HP: 29/29 MP: 1/1
   121 | D:1      | Found Ipauthou's Jewellery Shop.
   485 | D:1      | Found a faded altar of an unknown god.
   632 | D:2      | Reached XP level 3. HP: 29/36 MP: 2/2
   751 | D:2      | Slain by a gnoll

Illustrated notes

Levels and vault maps discovered:
D:1:      tarquinn_simple_flora_water_c, layout_rooms, serial_shops, shop,
          dilly_ecumenical_altar_fadedgnrine, chequers_serial_rivers_large_a
D:2:      layout_loops_cross, serial_bayou_pond_c, minmay_octomino_j4

Action                   || total
-------------------------++-------
Melee: Unarmed           ||    78
       Punch             ||     1
Invok: Berserk           ||     1
  Use: Scroll            ||     2
 Stab: Sleeping          ||     1
Armor: Animal skin       ||    37
Dodge: Dodged            ||    45
